 Dungeon Crawl Stone Soup version 0.27.1-37-g7b29ead8ac (webtiles) character file.

Game seed: 5670522831373177101

2721 Cape the Cleaver (level 9, -3/121 HPs)
             Began as a Minotaur Berserker on Feb 24, 2023.
             Was an Elder of Trog.
             Slain by a yak (5 damage)
             ... while petrified by a basilisk
             ... on level 8 of the Dungeon.
             The game lasted 00:17:17 (6905 turns).

Cape the Cleaver (Minotaur Berserker)               Turns: 6905, Time: 00:17:17

Health: -3/121     AC: 12    Str: 31    XL:     9   Next: 39%
Magic:  8/8        EV:  2    Int:  4    God:    Trog [****..]
Gold:   341        SH:  0    Dex: 10    Spells: 8/8 levels left

rFire    . . .     SeeInvis .   a - +0 war axe
rCold    . . .     Faith    .   (no shield)
rNeg     + + +     Spirit   .   C - +0 chain mail
rPois    ∞         Reflect  .   y - +2 hat
rElec    .         Harm     .   (no cloak)
rCorr    .         Rampage  .   (no gloves)
Will     .....                  (no boots)
Stlth    ..........             (no amulet)
HPRegen  0.30/turn              m - +6 ring of strength
MPRegen  0.11/turn              q - ring of positive energy

@: berserking (expiring), lethally poisoned (-3 -> -3), petrified
A: horns 2, retaliatory headbutt
a: Renounce Religion, Berserk, Trog's Hand, Brothers in Arms


You were on level 8 of the Dungeon.
You worshipped Trog.
Trog was greatly pleased with you.
You visited 1 branch of the dungeon, and saw 8 of its levels.

You collected 341 gold pieces.

Inventory:

Hand Weapons
 a - a +0 war axe (weapon)
 b - a +1 hunting sling of freezing
 B - a +2 flail of protection
Missiles
 g - 5 boomerangs (quivered)
 i - 7 javelins
 u - 89 sling bullets
 D - 22 poisoned darts
Armour
 y - a +2 hat (worn)
 C - a +0 chain mail (worn)
Jewellery
 m - a +6 ring of strength (left hand)
 q - a ring of positive energy (right hand)
Wands
 n - a wand of flame (30)
 A - a wand of mindburst (23)
 E - a wand of iceblast (7)
Scrolls
 c - 2 scrolls of teleportation {unknown}
 d - a scroll of fear {unknown}
 h - 2 scrolls of identify
 k - a scroll of enchant armour {unknown}
 o - a scroll of blinking {unknown}
 p - a scroll of noise {unknown}
 r - a scroll of magic mapping {unknown}
 w - 2 scrolls of amnesia {unknown}
 x - a scroll of enchant weapon {unknown}
 F - a scroll of vulnerability {unknown}
Potions
 e - a potion of resistance
 f - 2 potions of haste
 j - a potion of ambrosia
 l - a potion of flight {unknown}
 s - 2 potions of heal wounds
 v - 2 potions of might {unknown}
 z - 2 potions of curing {unknown}


   Skills:
 + Level 7.9 Fighting
 * Level 10.6 Axes
 + Level 7.4 Armour
 - Level 2.1 Dodging
 + Level 4.6 Evocations


You had 8 spell levels left.
You didn't know any spells.
Your spell library was empty.

Dungeon Overview and Level Annotations

Branches:
Dungeon (8/15)             Temple (0/1) D:7
   Lair: D:8-11

Altars:
Ashenzari
Dithmenos
Gozag
Trog
Wu Jian

Shops:
D:2 =


Innate Abilities, Weirdness & Mutations

You have a pair of horns on your head.
You reflexively headbutt those who attack you in melee.


Message History

You barely miss the water moccasin.
Your headbutt misses the water moccasin.
The water moccasin is severely wounded.
You slash the water moccasin! x2; You closely miss the basilisk.
* * * LOW HITPOINT WARNING * * *
You feel sick. The water moccasin bites you.
* * * LOW HITPOINT WARNING * * *
The water moccasin bites you.
* * * LOW HITPOINT WARNING * * *
The water moccasin bites you but does no damage.
The basilisk gazes at you.
You are slowing down.
You slice the water moccasin!!
You kill the water moccasin!
Trog accepts your kill.
You can now call in reinforcements.
You hit the basilisk. You barely miss the water moccasin.
You hit the water moccasin.
* * * LOW HITPOINT WARNING * * *
You feel very sick.
The water moccasin bites you but does no damage. x2
The water moccasin barely misses you. The basilisk barely misses you.
Your limbs are stiffening.
You hit the yak. You headbutt the yak!!
The yak is severely wounded.
You slice the basilisk!! You slash the water moccasin!
You kill the water moccasin!
Trog accepts your kill.
You hit the water moccasin.
* * * LOW HITPOINT WARNING * * *
You feel sick.
The water moccasin bites you but does no damage.
The yak gores you but does no damage. The basilisk gazes at you.
Your limbs have turned to stone.
You have turned to stone.
The water moccasin bites you.
* * * LOW HITPOINT WARNING * * *
The yak gores you.
* * * LOW HITPOINT WARNING * * *
The yak gores you!
You die...

...# ....## ..>..###
#. #.....# ... #...$.
.... #..... .....
######...l##...P..
#####........Y@Y......
............S###.....
#...........# ...
#...........# .
#..........># ##
#...........#
...##.......###.#
............###.#
##............#.#


You could see 2 yaks, a basilisk and a water moccasin.

Vanquished Creatures
  2 wyverns (D:8)
  2 yaks (D:8)
  Edmund (D:5)
  3 water moccasins (D:8)
  An orc warrior (D:6)
  2 sky beasts
  A necrophage (D:6)
  An ogre (D:6)
  2 ice beasts
  2 phantoms
  A water moccasin zombie (D:6)
  A wyvern skeleton (D:7)
  A water moccasin skeleton (D:5)
  A bullfrog skeleton (D:5)
  3 hounds
  3 orc priests
  4 iguanas
  Natasha (thrice) (D:2)
  4 orc wizards
  2 killer bee zombies
  Robin (D:2)
  4 gnolls (D:5)
  9 adders
  A white imp (D:6)
  An ufetubus (D:5)
  2 adder zombies (D:5)
  21 orcs
  4 bats
  10 endoplasms
  A giant cockroach (D:3)
  10 goblins
  11 hobgoblins
  4 jackals
  A quokka (D:4)
  3 ball pythons
  7 frilled lizards
  7 kobolds
  4 rats
141 creatures vanquished.

Vanquished Creatures (others)
  A bush (D:8)
  3 fungi (D:8)
  18 plants
22 creatures vanquished.

Grand Total: 163 creatures vanquished

Notes
Turn   | Place    | Note
-------+----------+-------------------------------------------
     0 | D:1      | Cape the Minotaur Berserker began the quest for the Orb.
     0 | D:1      | Reached XP level 1. HP: 19/19 MP: 0/0
   220 | D:1      | Reached skill level 4 in Axes
   321 | D:1      | Reached XP level 2. HP: 27/27 MP: 1/1
  1013 | D:2      | Noticed Natasha
  1019 | D:2      | Killed Natasha
  1020 | D:2      | Reached XP level 3. HP: 33/33 MP: 2/2
  1050 | D:2      | Noticed Natasha
  1058 | D:2      | Killed Natasha
  1059 | D:2      | Reached skill level 5 in Axes
  1059 | D:2      | Reached XP level 4. HP: 30/40 MP: 3/3
  1179 | D:2      | Noticed Robin
  1196 | D:2      | Killed Robin
  1202 | D:2      | Reached ** piety under Trog
  1618 | D:2      | Noticed Natasha
  1622 | D:2      | Killed Natasha
  1623 | D:2      | Reached XP level 5. HP: 37/47 MP: 4/4
  1988 | D:2      | Found Huzif's Jewellery Shop.
  2495 | D:3      | Reached skill level 6 in Axes
  2981 | D:3      | Found a faded altar of an unknown god.
  3388 | D:4      | Found a broken altar of Ashenzari.
  3760 | D:5      | Entered Level 5 of the Dungeon
  3824 | D:5      | Reached skill level 5 in Fighting
  3824 | D:5      | Reached skill level 1 in Evocations
  3824 | D:5      | Reached XP level 6. HP: 56/56 MP: 5/5
  3909 | D:5      | Noticed a sky beast
  3918 | D:5      | Killed a sky beast
  3988 | D:5      | Found an opulent altar of Gozag.
  4004 | D:5      | Reached *** piety under Trog
  4280 | D:5      | Reached skill level 7 in Axes
  4280 | D:5      | Reached XP level 7. HP: 55/61 MP: 6/6
  4452 | D:5      | Noticed Edmund
  4470 | D:5      | Killed Edmund
  4471 | D:5      | Reached skill level 5 in Armour
  4959 | D:6      | Found a shadowy altar of Dithmenos.
  5004 | D:6      | Reached skill level 8 in Axes
  5085 | D:6      | Reached XP level 8. HP: 57/70 MP: 7/7
  5175 | D:6      | Found a bloodstained altar of Trog.
  5375 | D:6      | Reached skill level 9 in Axes
  5889 | D:7      | Found a staircase to the Ecumenical Temple.
  6475 | D:7      | Found an ornate altar of the Wu Jian Council.
  6896 | D:8      | Reached XP level 9. HP: 57/79 MP: 8/8
  6897 | D:8      | Reached skill level 10 in Axes
  6902 | D:8      | HP: 6/120 [water moccasin (5)]
  6903 | D:8      | Reached **** piety under Trog
  6905 | D:8      | HP: 2/121 [yak (1)]
  6905 | D:8      | Slain by a yak

Illustrated notes

Levels and vault maps discovered:
D:1:      minmay_arrival_semitransparent, layout_basic, grunt_decor_mini_mirrors
D:2:      layout_loops_corners, serial_shops, nicolae_shop_statue_plus,
          minmay_misc_feat_alley, uniq_natasha, uniq_robin
D:3:      layout_loops_ring, shapermc_ecumenical_altar_flowoftime,
          minmay_checkerbox
D:4:      layout_gridville, kennysheep_mini
D:5:      layout_gridville, lemuel_tele_altar, st_stairs_13,
          amcnicky_mini_rare_corridor_liquid, hangedman_glass_garden,
          palyth_stone_intersect, uniq_edmund
D:6:      layout_basic, grunt_dithmenos_smoke_and_mirrors, kennysheep_mini_moat
D:7:      layout_gridville, marbit_many_paths,
          minmay_temple_entry_gardened_gates
D:8:      layout_rooms, minmay_lair_entry_grove, minmay_manual_mess

Skill      XL: |  1  2  3  4  5  6  7  8  9 |
---------------+----------------------------+-----
Axes           | 4 5 6 7 8 9 10 | 10.6
Fighting       | 4 5 6 7 |  7.9
Armour         | 3 4 5 6 7 |  7.4
Evocations     | 1 2 4 |  4.6
Dodging        | |  2.1

Action                   |  1- 3 |  4- 6 |  7- 9 || total
-------------------------+-------+-------+-------++-------
Melee: Hand axe          |    51 |   132 |   108 ||   291
       Headbutt          |     7 |    28 |    34 ||    69
       War axe           |       |       |    61 ||    61
Throw: Boomerang         |     3 |     6 |     4 ||    13
Invok: Berserk           |       |     1 |     1 ||     2
       Trog's Hand       |       |       |     1 ||     1
  Use: Scroll            |       |     2 |     3 ||     5
 Stab: Sleeping          |     2 |       |       ||     2
Armor: Animal skin       |     7 |       |       ||     7
       Ring mail         |     4 |    48 |     9 ||    61
       Chain mail        |       |       |    77 ||    77
Dodge: Dodged            |    36 |    76 |    68 ||   180
